Map: 2000 Atmospheres LE

Players

RoffleKopter

  • Race: Protoss Protoss
  • League: Master

MalaMaku - Winner!

  • Race: Zerg Zerg
  • League: Master

VOD

Have the link to the VOD?

Description

Time

  • Played on: Aug. 2, 2021, 8:34 a.m.
  • Length: 16:41
Show
View Real Time Build Order
Export as new Build Order

RoffleKopter Protoss 

Build Orders:  

Get SALT Encoding   

  12  0:00  Probe  
  13  0:13  Pylon  
  13  0:17  Probe (Chrono Boost)  
  14  0:27  Probe (Chrono Boost)  
  15  0:32  Probe (Chrono Boost)  
  16  0:43  Probe  
  17  0:55  Probe  
  18  1:06  Forge  
  18  1:17  Pylon, Probe  
  19  1:23  Assimilator  
  19  1:29  Probe  
  20  1:39  Gateway, Photon Cannon  
  20  1:41  Photon Cannon  
  20  1:45  Gateway  
  20  1:49  Probe  
  21  1:57  Pylon  
  21  2:03  Nexus  
  21  2:16  Photon Cannon  
  21  2:20  Photon Cannon  
  21  2:27  Pylon  
  23  2:43  Zealot (Chrono Boost)  
  20  2:54  Probe  
  21  3:01  Zealot (Chrono Boost)  
  23  3:09  Photon Cannon  
  23  3:12  Probe  
  24  3:32  Probe  
  25  3:39  Zealot (Chrono Boost)  
  25  3:49  Probe  
  25  3:53  Assimilator  
  26  3:58  Zealot  
  29  4:03  Photon Cannon  
  29  4:08  Cybernetics Core  
  28  4:20  Pylon  
  28  4:24  Probe  
  29  4:36  Probe  
  30  4:42  Adept (Chrono Boost)  
  32  4:48  Probe  
  32  4:52  Stargate  
  33  4:53  Warp Gate  
  33  4:58  Gateway  
  33  5:00  Probe  
  34  5:25  Nexus  
  34  5:26  Void Ray (Chrono Boost)  
  38  5:40  Probe  
  39  5:52  Probe  
  40  5:57  Pylon  
  40  6:04  Probe  
  41  6:16  Probe  
  42  6:24  Void Ray (Chrono Boost)  
  42  6:28  Probe  
  43  6:36  Probe  
  48  6:40  Probe  
  48  6:41  Adept x2  
  53  6:49  Probe  
  53  6:53  Pylon, Probe  
  55  7:01  Probe  
  56  7:08  Probe  
  56  7:14  Probe  
  58  7:20  Probe  
  53  7:26  Probe  
  54  7:30  Adept x2  
  54  7:33  Probe  
  59  7:38  Probe  
  58  7:45  Probe  
  59  7:51  Probe  
  60  8:02  Nexus  
  60  8:12  Pylon x2  
  60  8:13  Assimilator, Pylon  
  60  8:14  Assimilator  
  60  8:18  Probe x2  
  62  8:24  Void Ray  
  62  8:28  Protoss Air Weapons Level 1  
  62  8:30  Pylon  
  62  8:32  Adept  
  62  8:33  Adept  
  70  8:42  Gateway  
  70  8:43  Gateway  
  70  8:49  Shield Battery  
  70  8:50  Shield Battery  
  70  8:52  Adept  
  72  9:05  Void Ray (Chrono Boost)  
  72  9:09  Adept  
  71  9:10  Probe  
  67  9:28  Stalker  
  67  9:30  Protoss Ground Weapons Level 1 (Chrono Boost)  
  69  9:32  Adept  
  69  9:34  Probe  
  71  9:38  Void Ray (Chrono Boost)  
  71  9:45  Adept  
  77  9:46  Probe  
  77  9:47  Nexus  
  77  9:48  Pylon  
  78  9:57  Pylon  
  78  9:58  Pylon  
  78  10:06  Nexus  
  78  10:08  Pylon x2  
  78  10:11  Pylon  
  78  10:14  Stargate  
  78  10:15  Probe x2  
  78  10:16  Adept x3  
  78  10:17  Adept  
  78  10:18  Stargate  
  78  10:29  Void Ray (Chrono Boost)  
  78  10:35  Probe x2  
  79  10:37  Pylon  
  79  10:38  Pylon  
  79  10:42  Zealot x3  
  86  10:56  Void Ray x2  
  93  11:04  Stalker  
  93  11:05  Zealot  
  93  11:07  Zealot  
  93  11:08  Zealot  
  99  11:13  Void Ray  
  99  11:18  Stalker  
  99  11:26  Zealot  
  89  11:33  Adept  
  89  11:34  Adept, Probe  
  89  11:35  Probe  
  91  11:46  Void Ray x2 (Chrono Boost)  
  77  11:50  Zealot x2, Void Ray (Chrono Boost)  
  77  11:51  Probe  
  92  12:10  Nexus  
  92  12:14  Nexus  
  92  12:30  Probe x2  
  92  12:36  Nexus  
  94  12:41  Pylon  
  94  12:43  Pylon  
  94  12:46  Pylon  
  94  12:52  Pylon, Probe x2  
  94  12:57  Adept x2, Stalker  
  102  13:05  Photon Cannon  
  102  13:06  Photon Cannon  
  102  13:08  Shield Battery, Photon Cannon  
  102  13:11  Shield Battery  
  102  13:12  Pylon  
  102  13:13  Shield Battery  
  102  13:14  Photon Cannon  
  103  13:20  Probe  
  103  13:21  Probe  
  104  13:33  Probe  
  105  13:34  Assimilator  
  105  13:39  Fleet Beacon, Assimilator  
  105  13:40  Probe  
  105  13:41  Probe  
  107  13:45  Probe  
  108  13:53  Probe  
  107  14:03  Stalker x3  
  107  14:04  Stalker  
  111  14:10  Void Ray x3 (Chrono Boost)  
  101  14:30  Stalker x4  
  105  14:39  Photon Cannon  
  105  14:40  Shield Battery  
  105  14:42  Shield Battery  
  105  14:53  Stalker  
  105  14:54  Stalker, Zealot  
  55  15:13  Zealot  
  53  15:16  Carrier (Chrono Boost)  
  55  15:31  Zealot  
  55  15:32  Zealot  
  55  15:33  Nexus  
  65  16:06  Probe  
  66  16:12  Probe (Chrono Boost)  
  67  16:19  Probe (Chrono Boost)  
Show
View Real Time Build Order
Export as new Build Order

MalaMaku Zerg - Winner!

Build Orders: Hatch First 

Get SALT Encoding   

  12  0:02  Drone  
  13  0:11  Drone  
  14  0:35  Hatchery  
  13  0:49  Spawning Pool  
  12  0:52  Drone  
  12  0:56  Drone  
  14  1:05  Overlord  
  14  1:11  Drone, Extractor  
  15  1:36  Zergling x2  
  15  1:37  Zergling x4, Queen  
  21  1:53  Zergling x2  
  22  1:54  Hatchery  
  22  1:59  Zergling x2  
  22  2:09  Overlord  
  22  2:27  Queen  
  22  2:29  Zergling x2  
  25  2:33  Zergling x2  
  25  2:45  Zergling x8  
  27  2:59  Hatchery  
  27  3:02  Drone, Queen  
  29  3:07  Drone x2  
  31  3:23  Drone x2  
  29  3:39  Zergling x4  
  26  3:49  Zergling x2  
  27  4:02  Zergling x2  
  26  4:10  Queen  
  26  4:14  Zergling x4  
  30  4:18  Queen  
  30  4:20  Drone  
  33  4:35  Drone x3  
  36  4:39  Hatchery  
  35  4:47  Drone  
  34  5:00  Drone x2  
  33  5:16  Drone x2  
  35  5:22  Overlord x2  
  35  5:37  Overlord x3  
  35  5:40  Queen x2  
  35  5:42  Spore Crawler  
  38  5:43  Spore Crawler  
  38  5:45  Drone x5  
  38  5:46  Drone  
  43  5:51  Zergling x2  
  43  5:54  Zergling x4  
  45  6:01  Drone  
  45  6:02  Queen  
  48  6:08  Drone x2  
  50  6:17  Drone x3  
  53  6:26  Hatchery  
  53  6:27  Drone x3  
  55  6:34  Spore Crawler  
  55  6:35  Drone x2  
  56  6:42  Queen  
  56  6:45  Zergling x6  
  61  7:00  Zergling x2  
  61  7:01  Zergling x6  
  65  7:09  Overlord x2  
  65  7:10  Overlord  
  60  7:27  Queen x3  
  60  7:28  Drone x3  
  67  7:38  Zergling x14  
  69  7:46  Queen  
  69  7:54  Zergling x14  
  74  8:01  Overlord x3  
  74  8:08  Overlord x2  
  74  8:16  Extractor  
  74  8:19  Queen x3  
  79  8:22  Queen  
  79  8:30  Zergling x22  
  90  8:36  Drone x3  
  90  8:39  Extractor  
  92  8:44  Zergling x4  
  92  8:45  Zergling x6  
  95  8:54  Queen x3  
  101  8:55  Overlord  
  101  8:58  Queen  
  101  9:00  Overlord x2  
  100  9:08  Drone x3  
  100  9:09  Drone  
  97  9:19  Zergling x18  
  97  9:24  Drone x2  
  97  9:29  Extractor  
  97  9:30  Queen  
  98  9:32  Zergling x8  
  102  9:38  Drone x2  
  102  9:40  Lair  
  102  9:43  Drone x2  
  106  9:51  Drone  
  106  9:52  Drone  
  108  9:54  Roach Warren  
  108  9:58  Drone x3  
  108  9:59  Drone  
  107  10:00  Zergling x6  
  107  10:06  Metabolic Boost  
  104  10:21  Zergling x18  
  104  10:24  Drone x2  
  104  10:28  Drone x3  
  115  10:30  Extractor  
  115  10:32  Extractor  
  113  10:36  Extractor  
  113  10:37  Drone x4  
  116  10:43  Evolution Chamber  
  112  10:58  Drone x11  
  122  11:08  Hydralisk Den  
  122  11:10  Extractor  
  118  11:12  Extractor  
  106  11:29  Roach x2  
  106  11:30  Roach x8  
  106  11:31  Roach x2  
  106  11:32  Hatchery  
  112  11:42  Hydralisk x4  
  115  11:50  Muscular Augments  
  115  11:51  Zerg Missile Weapons Level 1  
  115  11:53  Drone x3  
  114  11:54  Drone  
  114  11:58  Queen x2  
  115  12:05  Drone x3  
  116  12:11  Hydralisk  
  118  12:16  Hydralisk x4  
  118  12:19  Extractor  
  118  12:22  Glial Reconstitution  
  125  12:24  Drone x2  
  125  12:27  Drone x2  
  127  12:35  Overlord x4  
  127  12:42  Queen  
  127  12:43  Extractor  
  128  12:45  Ravager  
  128  12:49  Drone x5  
  128  12:50  Spine Crawler  
  133  12:59  Hydralisk x2  
  133  13:00  Hydralisk x3  
  133  13:02  Grooved Spines  
  133  13:04  Infestation Pit  
  133  13:05  Drone x3, Lurker Den  
  144  13:06  Hydralisk x4  
  152  13:16  Roach  
  154  13:20  Spore Crawler  
  154  13:21  Hydralisk x6  
  165  13:33  Overlord  
  165  13:34  Overlord x4  
  165  13:41  Hatchery  
  164  13:45  Hydralisk  
  164  13:52  Roach x6  
  164  13:53  Roach x3  
  164  13:54  Roach x3  
  186  14:05  Roach x2  
  186  14:06  Roach x5  
  200  14:12  Lair  
  200  14:13  Hive  
  176  14:24  Hydralisk x3  
  176  14:25  Hydralisk x3  
  186  14:33  Drone x3  
  186  14:34  Drone x3, Spire  
  191  14:40  Hydralisk x3  
  191  14:42  Drone  
  191  14:43  Drone  
  199  14:52  Hydralisk x5  
  187  14:58  Drone x3  
  187  14:59  Drone x3  
  185  15:02  Hydralisk x2  
  168  15:08  Hydralisk x3  
  168  15:18  Drone x8  
  168  15:20  Hydralisk x2  
  180  15:32  Evolution Chamber  
  179  15:41  Hydralisk x6  
  179  15:42  Hydralisk  
  193  15:48  Hydralisk x5  
  197  15:52  Lurker x3  
  200  16:12  Extractor  
  200  16:13  Extractor  
Tags
 
Add a new tag
Caveats
  • Supply blocks, unpowered buildings, or Contaminate may cause inaccurate times.
  • Supply counts are checked every 10 seconds.